 Dungeon Crawl Stone Soup version 0.29-a0-555-g3b24f45cc1 (webtiles) character file.

Game seed: 12447958200618349718

7592 vulpzor the Slicer (level 11, -1/84 HPs)
             Began as a Human Berserker on June 6, 2022.
             Was a High Priest of Trog.
             Slain by an orc warrior
             ... wielding a +0 dire flail
              (10 damage)
             ... on level 9 of the Dungeon on June 7, 2022.
             The game lasted 01:25:24 (8367 turns).

vulpzor the Slicer (Human Berserker)                Turns: 8367, Time: 01:25:24

Health: -1/84      AC: 14    Str: 24    XL:     11   Next: 40%
Magic:  2/2        EV: 16    Int:  8    God:    Trog [*****.]
Gold:   397        SH:  9    Dex: 12    Spells: 10/10 levels left

rFire   + . .      SeeInvis .   h - +8 mace "Veex" {elec, rCorr Str+2 Int-3 Stlth+}
rCold   + + +      Faith    +   C - +0 kite shield
rNeg    . . .      Spirit   .   x - +1 troll leather armour {Pargi}
rPois   +          Reflect  .   A - +2 helmet {Int+3}
rElec   .          Harm     .   y - scarf {rC+ rF+}
rCorr   +          Rampage  .   L - +0 pair of gloves
Will    .....                   (no boots)
Stlth   +++.......              E - amulet of faith
HPRegen 1.04/turn               v - ring "Ickidagu" {*Corrode rPois rC+++ MP-9 EV+4}
MPRegen 0.08/turn               F - +4 ring of protection

@: no status effects
A: no striking features
a: Renounce Religion, Berserk, Trog's Hand, Brothers in Arms


You were on level 9 of the Dungeon.
You worshipped Trog.
Trog was extremely pleased with you.
You visited 1 branch of the dungeon, and saw 9 of its levels.

You collected 397 gold pieces.

Inventory:

Hand Weapons
 b - a +7 battleaxe of protection
 d - a +1 scimitar of flaming
 e - a +1 dagger of distortion
 f - a +0 dagger of draining
 h - the +8 mace "Veex" (weapon) {elec, rCorr Str+2 Int-3 Stlth+}
   (You found it on level 7 of the Dungeon)

   It occasionally discharges a powerful burst of electricity upon striking a
   foe.
   Str:       It affects your strength (+2).
   Int:       It affects your intelligence (-3).
   rCorr:     It protects you from acid and corrosion.
   Stlth:     It makes you more stealthy.
 i - a +3 great sword of flaming
 m - a +2 short sword of venom
 s - a +5 halberd
 t - a +2 long sword of freezing
 O - a +5 hand axe
 U - a +3 long sword
 Y - a +0 short sword of holy wrath
Armour
 g - a +2 robe of cold resistance
 j - a +0 plate armour
 x - a +1 troll leather armour (worn) {Pargi}
 y - a scarf of resistance (worn)
 A - a +2 helmet of intelligence (worn)
 C - a +0 kite shield (worn)
 L - a +0 pair of gloves (worn)
 V - the +2 ratskin cloak {*Rats rPois rN+ Str-1 Int-1 Dex+1}
   (You found it on level 7 of the Dungeon)

   When the wearer is hurt, rats may emerge from it to assist them.
   Str:       It affects your strength (-1).
   Int:       It affects your intelligence (-1).
   Dex:       It affects your dexterity (+1).
   rPois:     It protects you from poison.
   rN:        It protects you from negative energy.
Jewellery
 v - the ring "Ickidagu" (left hand) {*Corrode rPois rC+++ MP-9 EV+4}
   (You found it on level 3 of the Dungeon)

   [ring of evasion]

   EV:        It affects your evasion (+4).
   rC:        It renders you almost immune to cold.
   rPois:     It protects you from poison.
   MP:        It affects your magic capacity (-9).
   *Corrode:  It may corrode you when you take damage.
 w - a ring of protection from fire
 E - an amulet of faith (around neck)
 F - a +4 ring of protection (right hand)
 N - an amulet of guardian spirit
 S - a +6 ring of strength
Wands
 a - a wand of mindburst (5)
 K - a wand of paralysis (1)
 P - a wand of digging (4)
Scrolls
 n - 4 scrolls of immolation
 r - 3 scrolls of teleportation
 u - a scroll of brand weapon
 H - a scroll of fog
 J - a scroll of torment {unknown}
 Q - a scroll of summoning {unknown}
 R - a scroll of noise {unknown}
 T - 2 scrolls of fear {unknown}
 W - 3 scrolls of blinking {unknown}
 Z - a scroll of silence {unknown}
Potions
 k - 2 potions of invisibility {unknown}
 l - a potion of attraction {unknown}
 o - 2 potions of might {unknown}
 p - 5 potions of cancellation
 q - 3 potions of ambrosia {unknown}
 z - a potion of mutation {unknown}
 B - 2 potions of flight {unknown}
 D - 3 potions of brilliance {unknown}
 G - a potion of degeneration {unknown}
 M - a potion of lignification {unknown}
 X - a potion of haste {unknown}


   Skills:
 + Level 7.6 Fighting
 + Level 9.1(9.4) Short Blades
 + Level 3.6(6.9) Long Blades
 + Level 6.2 Maces & Flails
 + Level 5.3 Armour
 + Level 7.3 Dodging
 + Level 3.7 Stealth
 + Level 4.5 Shields


You had 10 spell levels left.
You didn't know any spells.
Your spell library was empty.

Dungeon Overview and Level Annotations

Branches:
Dungeon (9/15)             Temple (0/1) D:7             Orc (0/2) D:9
   Lair: D:8-11

Altars:
Dithmenos
Elyvilon
Hepliaklqana
Okawaru
Qazlal
Sif Muna
Trog
Uskayaw
Yredelemnul

Shops:
D:9 (


Message History

You block the orc warrior's attack. Something hits you but does no damage.
The orc priest calls down the wrath of Beogh upon you.
Something writhes in agony.
You feel better. The orc warrior completely misses you.
You hear some strange, mumbled words.
A magic dart appears from out of thin air!
The magic dart hits you but does no damage.
You hit the orc warrior.
Lightning courses through the orc warrior!
You kill the orc warrior!
Trog accepts your kill. Something hits you.
* * * LOW HITPOINT WARNING * * *
You closely miss something. Something hits you but does no damage.
The orc priest begins to cast a cantrip, but forgets the words!
You sock something! You closely miss the orc warrior.
You hear some strange, mumbled words.
Something tries to affect you, but you resist.
You hit the orc warrior.
The orc warrior is moderately wounded.
Something barely misses you. The orc warrior closely misses you.
The orc priest mumbles some strange prayers to Beogh against you.
Something writhes in agony!
Reactivating autopickup.
You feel a bit more experienced.
You barely miss the orc warrior.
The orc warrior is moderately wounded.
The orc warrior hits you with a +0 dire flail!
* * * LOW HITPOINT WARNING * * *
You hit the orc warrior but do no damage.
The orc warrior is moderately wounded.
The orc warrior hits you but does no damage.
The orc priest hits you with a +0 club.
* * * LOW HITPOINT WARNING * * *
You block the orc priest's attack. The orc warrior closely misses you.
You hit the orc warrior but do no damage.
The orc warrior is moderately wounded.
The orc warrior hits you with a +0 dire flail!
You die...

#### ####### #... ......#
#..#####.....# #..#.P≈#.....#
...#..D#.....# ##.#####.....#####
####### #..............o@#
###.....
.....∩.......###o######.....#####
..............##..#......8......#
####........#.....#......[......#
#........###...#.........)...#
####.................o...........
..............##...8.....>..)..8.
..........#......................
........#..##..##.#.............#


You could see an orc warrior and an orc priest.

Vanquished Creatures
  A two-headed ogre (D:9)
  Erica (D:7)
  A troll (D:9)
  Grinder (D:5)
  Prince Ribbit (D:5)
  Sigmund (D:3)
  2 shadows (D:9)
  A wyvern (D:8)
  A steam dragon (D:8)
  Duvessa (D:7)
  Pargi (D:3)
  3 ice beasts
  An orc warrior (D:9)
  2 black bears
  2 ogres
  2 phantoms
  9 kobold brigands
  6 bullfrogs
  2 gnoll sergeants
  A necrophage (D:4)
  3 scorpions
  A water moccasin zombie (D:7)
  14 wights
  Dowan (D:7)
  A troll zombie (D:9)
  6 killer bees (D:9)
  3 howler monkeys (D:7)
  A centaur zombie (D:7)
  A jelly (D:6)
  4 hounds (D:6)
  3 orc priests
  Jessica (D:3)
  6 iguanas
  3 orc wizards
  4 hell rats (D:7)
  Terence (D:3)
  2 killer bee zombies (D:7)
  7 ogre zombies (D:9)
  4 howler monkey zombies (D:7)
  14 gnolls
  3 adders
  15 river rats (D:7)
  2 shadow imps
  A white imp (D:7)
  A worm (D:5)
  The ghost of DocClef the Covert, a weakling GnDe (D:6)
  A dart slug (D:3)
  12 orcs
  3 endoplasms
  2 giant cockroaches
  9 goblins
  5 hobgoblins
  14 kobolds
  6 quokkas
  5 ball pythons
  5 bats
  2 frilled lizards (D:2)
  A goblin skeleton (D:9)
  2 goblin zombies (D:9)
  2 hobgoblin skeletons (D:9)
  2 hobgoblin zombies (D:9)
  3 orc skeletons (D:9)
  15 orc zombies (D:9)
  21 rats
253 creatures vanquished.

Vanquished Creatures (collateral kills)
  2 kobold brigands (D:6)
2 creatures vanquished.

Vanquished Creatures (others)
  An orc wizard (D:9)
  A plant (D:9)
2 creatures vanquished.

Grand Total: 257 creatures vanquished

Notes
Turn   | Place    | Note
-------+----------+-------------------------------------------
     0 | D:1      | vulpzor the Human Berserker began the quest for the Orb.
     0 | D:1      | Reached XP level 1. HP: 18/18 MP: 1/1
   152 | D:1      | You fall into a shaft and drop 1 floor!
   270 | D:2      | Reached XP level 2. HP: 20/23 MP: 2/2
   414 | D:2      | Reached XP level 3. HP: 29/29 MP: 3/3
   548 | D:1      | Reached ** piety under Trog
  1089 | D:2      | Found a faded altar of an unknown god.
  1416 | D:3      | Found a transporter.
  1416 | D:3      | Found a shadowy altar of Dithmenos.
  1485 | D:3      | Found a white marble altar of Elyvilon.
  1507 | D:3      | Found a transporter.
  1570 | D:3      | Reached XP level 4. HP: 29/35 MP: 4/4
  1595 | D:3      | Identified the ring "Ickidagu" {*Corrode rPois rC+++ MP-9
                  | EV+4}
  1799 | D:3      | Noticed Pargi
  1808 | D:3      | Killed Pargi
  1809 | D:3      | Reached skill level 2 in Short Blades
  1809 | D:3      | Reached XP level 5. HP: 42/42 MP: 0/5
  1861 | D:3      | Noticed Terence
  1880 | D:3      | Killed Terence
  1976 | D:3      | Noticed Sigmund
  1986 | D:3      | Killed Sigmund
  1987 | D:3      | Reached skill level 3 in Short Blades
  1987 | D:3      | Reached XP level 6. HP: 41/48 MP: 0/6
  2052 | D:3      | Noticed Jessica
  2079 | D:3      | Killed Jessica
  2080 | D:3      | Reached XP level 7. HP: 54/54 MP: 0/7
  2637 | D:4      | Reached *** piety under Trog
  2638 | D:4      | Reached skill level 4 in Short Blades
  3082 | D:4      | Reached skill level 1 in Stealth
  3088 | D:4      | Reached XP level 8. HP: 61/61 MP: 0/8
  3296 | D:4      | Reached skill level 5 in Short Blades
  3481 | D:5      | Entered Level 5 of the Dungeon
  3514 | D:5      | Noticed Grinder
  3517 | D:5      | Paralysed by Grinder for 2 turns
  3528 | D:5      | Paralysed by Grinder for 2 turns
  3534 | D:5      | Killed Grinder
  3535 | D:5      | Reached skill level 5 in Fighting
  3545 | D:5      | Noticed Prince Ribbit
  3573 | D:5      | Killed Prince Ribbit
  3574 | D:5      | Reached skill level 6 in Short Blades
  3743 | D:5      | Reached XP level 9. HP: 68/68 MP: 0/9
  4190 | D:5      | Reached skill level 7 in Short Blades
  4258 | D:5      | Found a hide-covered altar of Uskayaw.
  4610 | D:6      | Reached skill level 5 in Dodging
  4794 | D:6      | Found a bloodstained altar of Trog.
  4892 | D:6      | Found a stormy altar of Qazlal.
  4966 | D:6      | Found a runed translucent gate.
  4966 | D:6      | Found a runed translucent gate.
  4966 | D:6      | Found a runed translucent gate.
  4967 | D:6      | Noticed DocClef's ghost (weakling GnDe)
  5124 | D:6      | Reached **** piety under Trog
  5367 | D:6      | Reached skill level 8 in Short Blades
  5644 | D:6      | Killed DocClef's ghost
  5898 | D:7      | Noticed Dowan
  5923 | D:7      | Noticed Duvessa
  5938 | D:7      | Killed Duvessa
  5939 | D:7      | Reached XP level 10. HP: 75/77 MP: 1/10
  5944 | D:7      | Killed Dowan
  6015 | D:7      | Identified the +8 mace "Veex" {elec, rCorr Str+2 Int-3
                  | Stlth+}
  6151 | D:7      | Found a staircase to the Ecumenical Temple.
  6216 | D:7      | Reached skill level 9 in Short Blades
  6277 | D:7      | Reached skill level 1 in Maces & Flails
  6296 | D:7      | Reached skill level 1 in Shields
  6307 | D:7      | Found a basalt altar of Yredelemnul.
  6515 | D:7      | Found the +2 ratskin cloak {*Rats rPois rN+ Str-1 Int-1
                  | Dex+1}
  6999 | D:7      | Reached ***** piety under Trog
  7158 | D:8      | Noticed Erica
  7241 | D:7      | Killed Erica
  7469 | D:8      | Found a shimmering blue altar of Sif Muna.
  7571 | D:8      | Found a hazy altar of Hepliaklqana.
  7683 | D:8      | Reached skill level 5 in Armour
  7707 | D:8      | Reached skill level 5 in Maces & Flails
  7712 | D:8      | Reached XP level 11. HP: 80/84 MP: 2/11
  7713 | D:8      | Found an iron altar of Okawaru.
  7995 | D:9      | Noticed a two-headed ogre
  8033 | D:9      | Killed a two-headed ogre
  8046 | D:9      | Found Kybbab's Hydra Hut.
  8051 | D:9      | Noticed an eight-headed hydra
  8060 | D:9      | Upgraded the game from 0.29-a0-553-g81b289dbe5 to
                  | 0.29-a0-555-g3b24f45cc1
  8110 | D:9      | Received a gift from Trog
  8137 | D:9      | Found a staircase to the Orcish Mines.
  8356 | D:9      | HP: 2/84 [orc warrior/+0 battleaxe (14)]
  8367 | D:9      | Slain by an orc warrior

Illustrated notes

Levels and vault maps discovered:
D:1:      dpeg_arrival_simpleton_a, layout_basic
D:2:      layout_basic, shapermc_ecumenical_altar_acropolis,
          minmay_misc_feat_plants
D:3:      layout_loops_ring, marbit_many_paths, gammafunk_temple_overflow_arena,
          minmay_rat_hole, uniq_terence, uniq_pargi, uniq_jessica, uniq_sigmund
D:4:      layout_loops_ring, grunt_ministairs_9
D:5:      layout_gridville, mainiacjoe_overflow_boulevard, grunt_ministairs_11,
          uniq_grinder, uniq_prince_ribbit1
D:6:      layout_basic, grunt_qazlal_sundering, lightli_temple_of_fire,
          gammafunk_ghost_nasty_kobolds, st_stairs_13, item_on_display_b
D:7:      wander_guarded_unrand_ratskin, layout_gridville,
          nicolae_yredelemnul_corpse_copse, minmay_temple_entry_waves,
          uniq_duvessa
D:8:      layout_rooms, chequers_temple_overflow_statue_of_worship,
          mainiacjoe_overflow_concentric_impassable, uniq_erica
D:9:      layout_rooms, lemuel_round_altar, zombieorc2_lemuel,
          doesnt_shop_hydraphobe

Skill      XL: |  1  2  3  4  5  6  7  8  9 10 11 |
---------------+----------------------------------+-----
Short Blades   | 2 3 4 6 8 9 |  9.1
Fighting       | 4 5 6 7 |  7.6
Armour         | 3 4 5 |  5.3
Dodging        | 3 4 5 6 7 |  7.3
Stealth        | 1 2 3 |  3.7
Maces & Flails | 5 6 |  6.2
Shields        | 2 4 |  4.5
Long Blades    | |  3.6

Action                   |  1- 3 |  4- 6 |  7- 9 | 10-12 || total
-------------------------+-------+-------+-------+-------++-------
Melee: Falchion          |    14 |       |       |       ||    14
       Dagger            |    25 |       |       |       ||    25
       Short sword       |    47 |    41 |   444 |    11 ||   543
       Punch             |     1 |     1 |     4 |       ||     6
       Mace              |       |       |       |   375 ||   375
Invok: Berserk           |     1 |     1 |       |       ||     2
       Brothers in Arms  |       |       |     1 |       ||     1
Evoke: Wand              |       |       |       |     1 ||     1
  Use: Scroll            |     2 |       |     4 |    10 ||    16
       Potion            |       |       |       |     7 ||     7
 Stab: Sleeping          |       |       |     2 |     7 ||     9
       Paralysed         |       |       |       |     4 ||     4
Armor: Animal skin       |     4 |       |       |       ||     4
       Scale mail        |     3 |       |       |       ||     3
       Plate armour      |    63 |    14 |       |       ||    77
       Troll leather arm |       |     1 |   104 |   151 ||   256
Dodge: Dodged            |    35 |    21 |   299 |   354 ||   709
Block: Buckler           |       |       |    16 |    35 ||    51
       Kite shield       |       |       |       |   139 ||   139

Table legend: (Time is in decaauts)
 A = Elapsed time spent in this place.
 B = Non-inter-level travel time spent in this place.
 C = Inter-level travel time spent in this place.
 D = Time resting spent in this place.
 E = Time spent auto-exploring this place.
 F = Levels seen in this place.
 G = Mean time per level.
                   A        B        C        D        E       F      G
               +--------+--------+--------+--------+--------+-----+--------+
         Total |   8454 |   8454 |      0 |    155 |   2437 |   9 |  939.3 |
       Dungeon |   8454 |   8454 |      0 |    155 |   2437 |   9 |  939.3 |
               +--------+--------+--------+--------+--------+-----+--------+

Top non-repeatable levels by time:
     D:7: 1495 daAuts
     D:6: 1374 daAuts
     D:3: 1202 daAuts
     D:5: 964 daAuts
     D:4: 855 daAuts
     D:2: 850 daAuts
     D:8: 677 daAuts
     D:1: 562 daAuts
     D:9: 472 daAuts
